 Dungeon Crawl Stone Soup version 0.25-a0-294-gea9b1ad378 (webtiles) character file.

Game seed: 7385857067761846931, levelgen mode: classic

448 Borgoz the Cudgeler (level 7, 0/44 HPs)
             Began as a Gargoyle Berserker on Dec 19, 2019.
             Was a Priest of Trog.
             Slain by Eustachio
             ... wielding a +5 rapier of venom
              (6 damage)
             ... on level 4 of the Dungeon.
             The game lasted 00:08:19 (3086 turns).

Borgoz the Cudgeler (Gargoyle Berserker)            Turns: 3086, Time: 00:08:19

Health: 0/44       AC: 13    Str: 19 (20) XL:     7   Next: 3%
Magic:  0/7        EV: 11    Int:  7 (8)  God:    Trog [***...]
Gold:   269        SH:  0    Dex:  8 (11) Spells: 6/6 levels left

rFire    . . .     SeeInvis .   a - +0 mace
rCold    . . .     Gourm    .   (no shield)
rNeg     + . .     Faith    .   m - +0 ring mail
rPois    ∞         Spirit   +   (no helmet)
rElec    +         Reflect  .   (no cloak)
rCorr    +         Harm     .   r - +0 pair of gloves
MR       .....                  j - +0 pair of boots
Stlth    ..........             t - amulet of guardian spirit
HPRegen  0.14/turn              l - ring of resist corrosion
MPRegen  0.10/turn              (no ring)

@: no status effects
A: negative energy resistance 1, electricity resistance, unbreathing,
petrification resistance, rot immunity, AC +4
a: Berserk, Trog's Hand, Renounce Religion


You were on level 4 of the Dungeon.
You worshipped Trog.
Trog was most pleased with you.
You were not hungry.

You visited 1 branch of the dungeon, and saw 4 of its levels.

You collected 269 gold pieces.

Inventory:

Hand Weapons
 a - a +0 mace (weapon)
Armour
 j - a +0 pair of boots (worn)
 m - a +0 ring mail (worn)
 r - a +0 pair of gloves (worn)
Jewellery
 k - a cursed amulet of inaccuracy {unknown}
 l - a ring of resist corrosion (left hand)
 t - an amulet of guardian spirit (around neck)
 u - an uncursed ring of positive energy
Scrolls
 e - 5 scrolls of fog {unknown}
 f - a scroll of immolation {unknown}
 g - a scroll of fear {unknown}
 h - 6 scrolls of teleportation
 n - a scroll of random uselessness {unknown}
 o - 2 scrolls of remove curse
 p - a scroll of amnesia {unknown}
 v - a scroll of magic mapping {unknown}
 w - 4 scrolls of identify {unknown}
Potions
 d - a potion of lignification
 q - a potion of haste {unknown}
Comestibles
 c - 9 rations
 x - 2 chunks of flesh


   Skills:
 + Level 4.7 Fighting
 * Level 5.3 Maces & Flails
 + Level 4.0 Armour
 + Level 3.0 Dodging


You had 6 spell levels left.
You didn't know any spells.
Your spell library was empty.

Dungeon Overview and Level Annotations

Branches:
Dungeon (4/15)
 Temple: D:4-7

Altars:
Elyvilon
Hepliaklqana
Nemelex Xobeh
Sif Muna
Xom
Yredelemnul
The Shining One

Annotations:
D:4 Eustachio


Innate Abilities, Weirdness & Mutations

You are resistant to torment.
Your stone body is resilient. (AC +4)
You are immune to poison.
You resist negative energy. (rN+)
You are resistant to electric shocks. (rElec)
You can survive without breathing.
You are immune to petrification.
You are immune to rotting.


Message History

The crimson imp hits you but does no damage.
Unknown command.
You hit the crimson imp.
The crimson imp is lightly wounded.
The crimson imp disappears in a puff of smoke!
The river rat barely misses you. The river rat closely misses you.
Eustachio yells, "Perjured traitor, DIE!"
You closely miss Eustachio.
Eustachio is heavily wounded.
You feel a little less agile now.
The river rat bites you but does no damage. x2
Eustachio hits you with a +5 rapier of venom.
* * * LOW HITPOINT WARNING * * *
The river rat closely misses you.
It was a potion of degeneration.
There was something very wrong with that liquid.
You feel weakened.
You feel dopey.
You feel clumsy.
The river rat bites you but does no damage.
Eustachio hits you with a +5 rapier of venom!
You die...

..........##....####............#
..........##....# ##'#.........#
..........##....### #'##..(.....#
..........##......#....#......#.#
..............#....#........#
..[.......................#
#..................##.....#
#..........r....... #.....#
#.........@@....... #.....#
#..........r.......##.....#
..........................#
.................#.........
.................#...####.#
."..........##+##... #.#
.#######...# .. #.# #...# #.# #.#


You could see Eustachio and 2 river rats.

Vanquished Creatures
  An ogre (D:4)
  A howler monkey (D:4)
  An orc wizard (D:4)
  2 iguanas (D:4)
  4 worker ants (D:4)
  6 adders
  A howler monkey skeleton (D:4)
  2 oozes
  A worm (D:2)
  A dart slug (D:1)
  3 leopard geckos
  5 orcs
  2 giant cockroaches
  10 goblins
  8 hobgoblins
  2 quokkas
  A ball python (D:1)
  5 bats
  3 frilled lizards
  11 kobolds
  10 rats
  2 plants (D:3)
82 creatures vanquished.

Vanquished Creatures (others)
  A plant (D:3)
1 creature vanquished.

Grand Total: 83 creatures vanquished

Notes
Turn   | Place    | Note
-------+----------+-------------------------------------------
     0 | D:1      | Borgoz the Gargoyle Berserker began the quest for the Orb.
     0 | D:1      | Reached XP level 1. HP: 14/14 MP: 1/1
   263 | D:1      | Reached XP level 2. HP: 19/19 MP: 2/2
   667 | D:2      | Reached XP level 3. HP: 23/23 MP: 3/3
   695 | D:2      | Reached ** piety under Trog
   748 | D:2      | Found a shimmering blue altar of Sif Muna.
  1352 | D:3      | Reached XP level 4. HP: 29/29 MP: 4/4
  1520 | D:3      | Reached skill level 4 in Maces & Flails
  1778 | D:3      | Found a shimmering altar of Xom.
  1778 | D:3      | Found a glowing golden altar of the Shining One.
  1778 | D:3      | Found a basalt altar of Yredelemnul.
  2078 | D:3      | Found a hazy altar of Hepliaklqana.
  2081 | D:3      | Found a white marble altar of Elyvilon.
  2086 | D:3      | Found a sparkling altar of Nemelex Xobeh.
  2113 | D:3      | Reached XP level 5. HP: 32/33 MP: 5/5
  2120 | D:3      | Reached *** piety under Trog
  2231 | D:4      | Noticed an ogre
  2240 | D:4      | Killed an ogre
  2240 | D:4      | Reached XP level 6. HP: 17/39 MP: 2/6
  2478 | D:4      | Reached skill level 5 in Maces & Flails
  2508 | D:4      | HP: 1/39 [iguana (5)]
  2891 | D:4      | Reached XP level 7. HP: 37/44 MP: 5/7
  3027 | D:4      | Noticed Eustachio
  3086 | D:4      | Slain by Eustachio

Levels and vault maps discovered:
D:1:      dpeg_arrival_rhombi, layout_basic
D:2:      layout_basic, lemuel_crystal_altar, first_ration
D:3:      layout_basic, grunt_temple_overflow_diamond,
          gammafunk_temple_overflow_forgotten, serial_bayou_lagoon_a
D:4:      minmay_opposing_rooms, layout_basic, kennysheep_generic_room_13,
          uniq_eustachio

Skill      XL: |  1  2  3  4  5  6 |
---------------+-------------------+-----
Dodging        | 2 3 |  3.0
Maces & Flails | 4 5 |  5.3
Armour         | 3 4 |  4.0
Fighting       | 4 |  4.7

Action                   |  1- 3 |  4- 6 |  7- 9 || total
-------------------------+-------+-------+-------++-------
Melee: Mace              |   145 |   278 |    39 ||   462
  Use: Scroll            |       |     2 |       ||     2
       Potion            |       |       |     6 ||     6
  Eat: Chunk             |     2 |     5 |     1 ||     8
Armor: Animal skin       |    45 |       |       ||    45
       Ring mail         |    33 |    99 |    17 ||   149
       Skin              |       |       |    99 ||    99
Dodge: Dodged            |   119 |   128 |    43 ||   290

Table legend:
 A = Non-vault XP
 B = Vault XP
 C = Vault XP percentage of total XP
 D = Non-vault monster count
 E = Vault monster count
 F = Vault count percentage of total count
                 A         B        C        D         E       F
            +---------+---------+-------+---------+---------+-------
      Total |     457 |     183 |  28.6 |      73 |       7 |   8.8
            +---------+---------+-------+---------+---------+-------
        D:1 |      33 |       0 |   0.0 |      19 |       0 |   0.0
        D:2 |      45 |       0 |   0.0 |      19 |       0 |   0.0
        D:3 |     102 |       0 |   0.0 |      26 |       0 |   0.0
        D:4 |     277 |     183 |  39.8 |       9 |       7 |  43.8
            +---------+---------+-------+---------+---------+-------
